 Dungeon Crawl Stone Soup version 0.31-a0-177-g4aa6249778 (webtiles) character file.

Game seed: 6628520079515098070

585 Moral the Insei (level 7, 0/46 HPs)
             Began as an Octopode Transmuter on June 18, 2023.
             Slain by a shadow (12 damage)
             ... on level 5 of the Dungeon.
             The game lasted 00:06:00 (3317 turns).

Moral the Insei (Octopode Transmuter)               Turns: 3317, Time: 00:06:01

Health: 0/46       AC:  1    Str: 12    XL:     7   Next: 37%
Magic:  11/11      EV: 14    Int: 15    God:
Gold:   231        SH:  0    Dex: 12    Spells: 11/12 levels left

rFire   . .          .
                       - Unarmed
rCold   . . .        (no shield)
rNeg    . . .        (helmet restricted)
rPois   .            m - amulet of magic regeneration
rElec   .            (no ring)
rCorr   .            (no ring)
SInv    .            (no ring)
Will    .....        (no ring)
Stlth   ++           (no ring)
HPRegen 0.27/turn    (no ring)
MPRegen 0.52/turn    (no ring)
                     (no ring)

%: no passive effects
@: no status effects
A: almost no armour, amphibious, 8 rings, camouflage 1, gelatinous body 1,
(nimble swimmer 1), tentacles
a: no special abilities


You were on level 5 of the Dungeon.
You visited 1 branch of the dungeon, and saw 5 of its levels.

You collected 231 gold pieces.

Inventory:

Jewellery
 m - an amulet of magic regeneration (around mantle)
Scrolls
 g - a scroll of enchant armour {unknown}
 h - a scroll of enchant weapon {unknown}
 i - a scroll of fear {unknown}
 j - 2 scrolls of teleportation {unknown}
 k - a scroll of fog {unknown}
Potions
 a - 3 potions of lignification
 c - a potion of mutation {unknown}
 d - 3 potions of enlightenment {unknown}
 e - a potion of resistance {unknown}
 f - a potion of degeneration {unknown}
 l - a potion of curing {unknown}
 n - a potion of brilliance {unknown}


   Skills:
 + Level 3.3 Fighting
 + Level 3.7 Dodging
 * Level 5.2 Unarmed Combat
 + Level 3.3 Spellcasting
 + Level 3.6 Transmutations


You had 11 spell levels left.
You knew the following spells:

 Your Spells              Type           Power      Damage    Failure   Level
a - Beastly Appendage     Tmut           26%        N/A       4%          1

Your spell library contained the following spells:

 Spells                   Type           Power      Damage    Failure   Level
 Wereblood                Tmut           13%        N/A       7%          2
 Spider Form              Tmut/Pois      7%         N/A       28%         3
 Gell's Gravitas          Tloc           2%         N/A       52%         3
 Inner Flame              Hex/Fire       2%         N/A       52%         3
 Teleport Other           Tloc           2%         N/A       52%         3
 Ice Form                 Ice/Tmut       7%         N/A       67%         4
 Flame Wave               Conj/Fire      2%         2d4       89%         4
 Sticky Flame             Conj/Fire      2%         2d3       89%         4
 Dispersal                Tloc           1%         N/A       100%        6


Dungeon Overview and Level Annotations

Branches:
Dungeon (5/15)
 Temple: D:4-7

Altars:
Makhleb
Uskayaw
The Shining One


Innate Abilities, Weirdness & Mutations

You cannot wear most types of armour.
You are amphibious.
You can wear up to eight rings at the same time.
Your skin changes colour to match your surroundings (Stealth+).
Your rubbery body absorbs attacks. (AC +1, EV +1)
((You are camouflaged when in or above water. (Stealth+)))
You have tentacles for arms and can constrict up to eight enemies at once.


Message History

You constrict the black bear. You tentacle-slap the black bear.
Your tentacle spike misses the black bear.
The black bear is moderately wounded.
You constrict the black bear. The black bear closely misses you.
The black bear claws you. x2
You tentacle-slap the black bear but do no damage.
Your tentacle-slap misses the black bear.
The black bear is moderately wounded.
You constrict the black bear. The black bear closely misses you.
The black bear claws you. The black bear barely misses you.
You bludgeon the black bear!
You pierce the black bear.
You tentacle-slap the black bear, but do no damage.
You squeeze the black bear.
You kill the black bear!
Your transformation is almost over.
You completely miss the orc. Your grab misses the orc.
You pierce the orc!
You kill the orc!
You tentacle-slap the shadow but do no damage.
The shadow hits you.
You tentacle-slap the shadow but do no damage.
You squeeze the shadow.
The shadow is lightly damaged.
The shadow hits you!
You barely miss the shadow.
Your tentacle spike misses the shadow.
The shadow is lightly damaged.
The shadow closely misses you.
You closely miss the shadow. Your squeeze misses the shadow.
The shadow is lightly damaged.
The shadow hits you!
* * * LOW HITPOINT WARNING * * *
Blink to where?
Press: ? - help, Dir - move target
As you read the scroll of blinking, it crumbles to dust.
The shadow slips into darkness.
The shadow flickers and vanishes!
Deactivating autopickup; reactivate with Ctrl-A.
Your tentacle spike disappears.
The shadow strikes at you from the darkness!
You die...

#............#
#.##########<#
#..#.# #.# #..#.#
#.# #..#.# ##### #.#
#..#.###...## #.#
#...^.#...>.###.###
#...#..............
##.....#@......####.
#.###..........#(.#.
#.# #.###...._.#(.#.
#.###.# ##.....#..#.
#....## #.#...####.
#### ##Y####
#.##....... .
..###.#.## #.#
##....# .#
#.##Y###.# #.# ###.
..⌠#.##..#.## #.#


There were no monsters in sight!

Vanquished Creatures
  2 black bears (D:5)
  A scorpion (D:4)
  A jelly (D:5)
  3 hounds
  2 iguanas
  Jessica (D:3)
  5 adders
  An ufetubus (D:4)
  A worm (D:2)
  2 dart slugs
  5 orcs (D:5)
  12 ball pythons
  6 endoplasms
  3 giant cockroaches
  4 goblins
  5 hobgoblins
  5 jackals (D:1)
  5 quokkas
  4 bats
  4 frilled lizards
  5 kobolds
  8 rats
85 creatures vanquished.

Notes
Turn   | Place    | Note
-------+----------+-------------------------------------------
     0 | D:1      | Moral the Octopode Transmuter began the quest for the Orb.
     0 | D:1      | Reached XP level 1. HP: 13/13 MP: 3/3
   124 | D:1      | Reached XP level 2. HP: 13/18 MP: 5/5
   519 | D:1      | Reached XP level 3. HP: 18/23 MP: 4/6
  1008 | D:2      | Found a glowing golden altar of the Shining One.
  1171 | D:2      | Reached XP level 4. HP: 19/29 MP: 5/7
  1586 | D:3      | Found a burning altar of Makhleb.
  1608 | D:3      | Noticed Jessica
  1619 | D:3      | Killed Jessica
  2014 | D:3      | Identified the +6 quarterstaff "Debehon" {holy, SInv}
  2431 | D:4      | Noticed a scorpion
  2462 | D:4      | Reached XP level 5. HP: 29/34 MP: 8/8
  2541 | D:4      | Reached skill level 4 in Unarmed Combat
  2713 | D:4      | Reached XP level 6. HP: 24/41 MP: 10/10
  3192 | D:5      | Entered Level 5 of the Dungeon
  3210 | D:5      | Found a hide-covered altar of Uskayaw.
  3213 | D:5      | Noticed a +0 dagger
  3214 | D:5      | Noticed a +0 hand axe
  3262 | D:5      | Noticed a black bear
  3273 | D:5      | Killed a black bear
  3276 | D:5      | Reached XP level 7. HP: 40/46 MP: 11/11
  3289 | D:5      | Noticed a shadow
  3290 | D:5      | Reached skill level 5 in Unarmed Combat
  3317 | D:5      | Slain by a shadow

Illustrated notes

Levels and vault maps discovered:
D:1:      dpeg_arrival_boxorama, layout_basic, minmay_tetromino_i2
D:2:      layout_basic, basic_altar, chequers_serial_rivers_small_3
D:3:      layout_basic, lemuel_doored_altar, uniq_jessica
D:4:      layout_basic, minmay_misc_feat_room
D:5:      layout_loops_ring, dancing_weapons_uskayaw, serial_shops,
          kennysheep_mini_moat, grunt_ministairs_7, minmay_chambers_of_fives

Skill      XL: |  1  2  3  4  5  6  7 |
---------------+----------------------+-----
Fighting       | 2 3 |  3.3
Unarmed Combat | 4 5 |  5.2
Dodging        | 3 |  3.7
Transmutations | 3 |  3.6
Spellcasting   | 3 |  3.3

Action                     |  1- 3 |  4- 6 |  7- 9 || total
---------------------------+-------+-------+-------++-------
  Melee: Unarmed           |    76 |    71 |    22 ||   169
         Constrict         |    27 |    15 |     6 ||    48
         Kick              |    24 |    20 |     9 ||    53
         Tentacles         |    11 |    14 |     3 ||    28
         Punch             |     2 |     5 |     2 ||     9
   Cast: Beastly Appendage |    19 |    20 |     1 ||    40
    Use: Scroll            |       |     2 |     1 ||     3
   Stab: Sleeping          |     5 |    10 |       ||    15
 Armour: Skin              |     4 |     3 |     1 ||     8
  Dodge: Dodged            |    61 |    55 |     8 ||   124

Table legend: (Time is in decaauts)
 A = Elapsed time spent in this place.
 B = Non-inter-level travel time spent in this place.
 C = Inter-level travel time spent in this place.
 D = Time resting spent in this place.
 E = Time spent auto-exploring this place.
 F = Levels seen in this place.
 G = Mean time per level.
                   A        B        C        D        E       F      G
               +--------+--------+--------+--------+--------+-----+--------+
         Total |   3303 |   3283 |     20 |      0 |   2581 |   5 |  660.6 |
       Dungeon |   3303 |   3283 |     20 |      0 |   2581 |   5 |  660.6 |
               +--------+--------+--------+--------+--------+-----+--------+

Top non-repeatable levels by time:
     D:3: 848 daAuts
     D:1: 847 daAuts
     D:4: 789 daAuts
     D:2: 696 daAuts
     D:5: 121 daAuts
